AoeStats
← Nanoha

Black Forest

507786337Analyzed
3v3 RM · 12d ago on Sep 19, 2026· 56m 10s· 6 players
Game mode
Random Map
Map size
Normal (6 player)
Population
200
Speed
Normal
Resources
Standard
Victory
Conquest
Starting age
Dark Age
Ending age
Imperial Age
RankedLock teamsTeams togetherTeam positionsShared explorationLock speedFull tech treeHidden civsTurbo modeCheats
Victory
Defeat
🇨🇳 Bohemians · China
1127
+10
🇨🇳 Goths · China
967
+16
🇨🇳 Portuguese · China
938
+18
🇩🇪 Italians · Germany
1115
-20
🇩🇪 Persians · Germany
969
-18
🇩🇪 Spanish · Germany
863
-10
SourBeatle3800
1:32 Loom
12:29 Feudal Age
12:56 Double-Bit Axe
13:09 Horse Collar
20:59 Castle Age
20:48 Gold Mining
23:20 Stone Mining
23:58 Bow Saw
26:05 Heavy Plow
31:02 Gold Shaft Mining
36:49 Imperial Age
35:01 Scale Mail Armor
39:02 Chemistry
46:36 Crossbowman
47:23 Thumb Ring
49:07 Fletching
49:20 Padded Archer Armor
50:05 Bodkin Arrow
50:26 Leather Archer Armor
Gello426205
0:53 Loom
11:28 Feudal Age
13:56 Double-Bit Axe
17:01 Castle Age
14:50 Horse Collar
16:25 Gold Mining
26:42 Stone Mining
26:58 Caravan
26:59 Fletching
27:45 Ballistics
27:44 Heavy Plow
27:57 Bow Saw
28:24 Wheelbarrow
27:35 Town Watch
29:16 Silk Road
29:36 Fortified Wall
30:18 Bodkin Arrow
30:38 Town Patrol
30:55 Hand Cart
31:29 Masonry
34:19 Imperial Age
32:30 Padded Archer Armor
35:05 Stone Shaft Mining
34:35 Squires
34:24 Arson
34:22 Treadmill Crane
34:57 Thumb Ring
34:25 Elite Genoese Crossbowman
35:28 Conscription
36:34 Chemistry
36:50 Bracer
37:43 Forging
37:34 Scale Mail Armor
37:57 Leather Archer Armor
38:37 Chain Mail Armor
38:59 Iron Casting
40:05 Plate Mail Armor
40:40 Blast Furnace
42:04 Ring Archer Armor
54:39 Bloodlines
53:52 Light Cavalry
54:33 Husbandry
55:00 Scale Barding Armor
56:00 Chain Barding Armor
Rubens
1:18 Loom
12:10 Feudal Age
13:29 Wheelbarrow
13:00 Double-Bit Axe
22:26 Horse Collar
22:48 Stone Mining
26:21 Castle Age
24:44 Forging
25:19 Gold Mining
26:02 Scale Mail Armor
27:18 Heavy Plow
29:23 Bow Saw
29:27 Fortified Wall
32:07 Squires
33:23 Ballistics
33:52 Pikeman
36:30 Thumb Ring
39:04 Imperial Age
38:12 Padded Archer Armor
38:02 Fletching
39:39 Stone Shaft Mining
39:34 Leather Archer Armor
41:56 Ring Archer Armor
42:05 Elite Conquistador
43:22 Murder Holes
45:43 Chemistry
48:01 Chain Mail Armor
48:26 Iron Casting
54:02 Light Cavalry
怀旧型夏露露
11:05 Feudal Age
14:54 Castle Age
13:12 Double-Bit Axe
14:09 Horse Collar
15:48 Heavy Plow
16:01 Bow Saw
21:39 Loom
25:21 Wheelbarrow
30:45 Imperial Age
29:11 Hand Cart
30:18 Chemistry
29:31 Masonry
29:13 Town Watch
30:16 Careening
30:39 Ballistics
30:12 Fletching
30:51 Houfnice
31:40 Siege Engineers
31:20 Treadmill Crane
32:02 Conscription
32:57 Two-Man Saw
33:48 Caravan
33:58 Guilds
34:19 Coinage
34:57 Town Patrol
34:55 Bodkin Arrow
35:21 Ballistics
35:48 Architecture
36:35 Hussite Reforms
36:37 Wagenburg Tactics
36:34 Bracer
36:34 Scale Mail Armor
36:31 Murder Holes
36:57 Bombard Tower
37:13 Forging
36:49 Pikeman
37:30 Squires
37:15 Arson
38:04 Halberdier
39:01 Chain Mail Armor
39:22 Iron Casting
39:32 Banking
39:16 Elite Hussite Wagon
40:01 Devotion
42:02 Fervor
42:13 Sanctity
42:13 Faith
42:30 Theocracy
41:50 Herbal Medicine
55:02 Block Printing
55:13 Illumination
54:48 Atonement
54:58 Redemption
55:09 Heresy
Aya
0:50 Loom
12:52 Feudal Age
15:17 Double-Bit Axe
15:23 Horse Collar
17:55 Castle Age
19:29 Wheelbarrow
20:19 Bow Saw
21:07 Heavy Plow
22:04 Stone Mining
25:50 Hand Cart
26:15 Forging
26:05 Scale Mail Armor
29:07 Iron Casting
28:47 Chain Mail Armor
28:55 Ballistics
29:13 Caravan
32:11 Imperial Age
30:23 Stone Shaft Mining
29:41 Gold Mining
30:22 Anarchy
30:24 Man-at-Arms
31:05 Squires
30:26 Pikeman
32:52 Halberdier
34:35 Blast Furnace
34:03 Conscription
33:43 Perfusion
33:04 Elite Huskarl
36:37 Long Swordsman
37:13 Two-Handed Swordsman
37:34 Champion
50:32 Two-Man Saw
50:06 Crop Rotation
Nanoha
7:16 Loom
10:56 Feudal Age
12:14 Double-Bit Axe
16:19 Horse Collar
22:50 Castle Age
25:48 Bow Saw
28:49 Gold Mining
28:51 Stone Mining
30:09 Heavy Plow
32:40 Caravan
34:33 Masonry
35:20 Stone Shaft Mining
37:23 Imperial Age
35:33 Wheelbarrow
34:49 Town Watch
35:07 Treadmill Crane
35:28 Murder Holes
36:17 Masonry
37:15 Hand Cart
37:55 Circumnavigation
39:06 Conscription
38:56 Elite Organ Gun
41:03 Chemistry
40:24 Ballistics
40:39 Architecture
40:42 Arquebus
41:05 Fortified Wall
41:02 Siege Engineers
41:54 Scale Barding Armor
41:49 Scale Mail Armor
42:00 Forging
41:40 Fletching
41:51 Padded Archer Armor
46:39 Chain Barding Armor
46:34 Chain Mail Armor
46:55 Iron Casting
46:15 Bodkin Arrow
46:36 Leather Archer Armor
49:25 Bombard Tower
54:50 Pikeman
55:16 Gambesons
55:17 Arson
54:52 Man-at-Arms
Connection lost

Rejoining the realm…

Still unreachable

The connection could not be restored.

Session expired

The server has moved on; the page needs a fresh start.